 Dungeon Crawl Stone Soup version 0.19-a0-1875-g4fea3da (webtiles) character file.

3055 Amnesiac the Zephyrmancer (level 9, -6/45 HPs)
             Began as a Tengu Air Elementalist on Oct 13, 2016.
             Was a Believer of Sif Muna.
             Mangled by a white ugly thing (34 damage)
             ... on level 7 of the Dungeon.
             The game lasted 00:13:11 (6695 turns).

Amnesiac the Zephyrmancer (Tengu Air Elementalist)  Turns: 6695, Time: 00:13:12

Health: -6/45      AC: 13    Str: 11    XL:     9   Next: 87%
Magic:  13/29      EV: 11    Int: 19    God:    Sif Muna [**....]
Gold:   278        SH:  0    Dex: 14    Spells: 5 memorised, 9 levels left

rFire  + . .     SeeInvis .     M - +1 rapier of a bailey {pierce, +Inv rF+ Str+2}
rCold  . . .     Gourm    .     x - +5 ring mail "Kukol" {rElec rCorr}
rNeg   . . .     Faith    .     (no shield)
rPois  .         Spirit   .     (helmet restricted)
rElec  +         Dismiss  .     a - +2 cloak
rCorr  +         Reflect  .     (no gloves)
MR     .....     Harm     .     (boots unavailable)
Stlth  +.........               (no amulet)
                                p - ring of magical power
                                d - ring of wizardry

@: very slightly contaminated, starving, repel missiles, invisible, divine
energy
A: beak, talons 3, able to fly 1
a: Fly, Stop Divine Energy, Renounce Religion, Turn Visible


You were on level 7 of the Dungeon.
You worshipped Sif Muna.
Sif Muna was pleased with you.
You were starving.

You visited 2 branches of the dungeon, and saw 8 of its levels.

You collected 278 gold pieces.

Inventory:

Hand Weapons
 o - a +5 rapier of venom
 u - a +3 morningstar of venom
 M - the +1 rapier of a bailey (weapon) {pierce, +Inv rF+ Str+2}
   (You found it on level 7 of the Dungeon)

   It inflicts extra damage upon your enemies.
   It affects your strength (+2).
   It protects you from fire.
   It lets you turn invisible.
Armour
 a - a +2 cloak (worn)
 x - the +5 ring mail "Kukol" (worn) {rElec rCorr}
   (You found it on level 5 of the Dungeon)

   It insulates you from electricity.
   It protects you from acid and corrosion.
 J - a +2 buckler of positive energy
Jewellery
 d - a ring of wizardry (left hand)
 h - an uncursed amulet of guardian spirit
 p - a ring of magical power (right hand)
 q - an uncursed ring of resist corrosion
 B - an uncursed ring of protection from cold
Wands
 O - a wand of digging (11/24)
Scrolls
 e - 3 scrolls of amnesia {unknown}
 i - 2 scrolls of teleportation {unknown}
 j - 3 scrolls of remove curse {unknown}
 n - a scroll of immolation {unknown}
 r - 7 scrolls of identify {unknown}
 s - a scroll of fog {unknown}
 t - a scroll of random uselessness {unknown}
 y - a scroll of magic mapping {unknown}
 C - a scroll of recharging {unknown}
 G - a scroll of fear {unknown}
 K - a scroll of enchant weapon {unknown}
 L - a scroll of torment {unknown}
Potions
 f - a potion of brilliance {unknown}
 g - 2 potions of degeneration
 k - a potion of berserk rage {unknown}
 l - 3 potions of cure mutation {unknown}
 v - a potion of mutation {unknown}
 w - a potion of agility {unknown}
 A - a potion of lignification {unknown}
 D - 3 potions of flight {unknown}
 E - a potion of might {unknown}
 F - 4 potions of heal wounds {unknown}
 H - 4 potions of curing
 I - a potion of experience {unknown}
 N - a potion of invisibility {unknown}
Books
 b - a book of Air

   Spells                             Type                      Level
   a - Shock                          Conjuration/Air              1
   b - Swiftness                      Charms/Air                   2
   c - Repel Missiles                 Charms/Air                   2
   d - Static Discharge               Conjuration/Air              3
   e - Lightning Bolt                 Conjuration/Air              5
Comestibles
 c - 3 bread rations
 m - 3 meat rations
 z - a beef jerky


   Skills:
 - Level 2.1 Dodging
 - Level 2.0 Stealth
 + Level 7.0 Spellcasting
 - Level 1.3 Conjurations
 * Level 14.3 Air Magic


You had 9 spell levels left.
You knew the following spells:

 Your Spells              Type           Power        Failure   Level  Hunger
a - Repel Missiles        Chrm/Air       ####..       1%          2    None
e - Lightning Bolt        Conj/Air       #####.....   12%         5    #####..
f - Static Discharge      Conj/Air       #####...     1%          3    #......
w - Swiftness             Chrm/Air       ####....     1%          2    None
z - Shock                 Conj/Air       ####         1%          1    None


Dungeon Overview and Level Annotations

Branches:
Dungeon (7/15)             Temple (1/1) D:6

Altars:
Ashenzari
Cheibriados
Dithmenos
Elyvilon
Fedhas
Gozag
Hepliaklqana
Makhleb
Nemelex Xobeh
Okawaru
Qazlal
Ru
Sif Muna
Trog
Uskayaw
Xom
Yredelemnul
Zin


Innate Abilities, Weirdness & Mutations

You have a beak for a mouth.
You have claws for feet.
You can fly.


Message History

Casting: Lightning Bolt
Confirm with . or Enter, or press ? or * to list all spells.
Aiming: Lightning Bolt
Press: ? - help, Shift-Dir - straight line You miscast Lightning Bolt.
Nothing appears to happen.
The white ugly thing tail-slaps you but does no damage.
Unknown command.
Casting: Lightning Bolt
Confirm with . or Enter, or press ? or * to list all spells.
Aiming: Lightning Bolt
Press: ? - help, Shift-Dir - straight line You hear a mighty clap of thunder!
The bolt of lightning hits the white ugly thing.
The white ugly thing is lightly wounded.
The bolt of lightning hits the white ugly thing.
The white ugly thing is heavily wounded.
You are starving!
The white ugly thing tail-slaps you! The white ugly thing freezes you!!
Ouch! That really hurt!
You die...

... #.......... .C#
###........ #.#
#....#### #.# #....##
# #.# ##..#..### #.#
##...#..... #.#
###......##..
#####u###.......###..
#...@.....#.....##...
#....................
######..###..####..#.
#......## #.##.
#...(..# #.##.
##.....##....###
#........####
#.....#### #.....#


You could see a white ugly thing and a cyclops (wandering).

Vanquished Creatures
  Pikel (D:5)
  The ghost of Amnesiac the Zephyrmancer, a novice TeAE of Sif Muna (D:7)
  Prince Ribbit (D:7)
  Eustachio (D:4)
  A sky beast (D:6)
  4 slaves (D:5)
  A black bear (D:6)
  A phantom (D:7)
  3 eyes of draining (D:4)
  2 centaurs
  2 ogres (D:5)
  A wyvern skeleton (D:6)
  A scorpion (D:4)
  A howler monkey (D:7)
  4 crimson imps
  4 hounds
  A jelly (D:4)
  2 orc priests
  Crazy Yiuf (D:2)
  A centaur skeleton (D:5)
  3 iguanas
  Terence (D:3)
  4 orc wizards
  5 worker ants
  A hound zombie (D:7)
  Robin (D:2)
  A worker ant zombie (D:5)
  4 gnolls
  4 adders
  An ooze (D:1)
  An adder zombie (D:5)
  An adder skeleton (D:5)
  3 worms (D:2)
  2 dart slugs (D:1)
  9 leopard geckos
  19 orcs
  11 ball pythons
  11 goblins
  15 hobgoblins
  7 jackals
  6 kobolds
  3 quokkas
  8 bats
  7 frilled lizards
  A leopard gecko skeleton (D:4)
  9 rats
172 creatures vanquished.

Notes
Turn   | Place    | Note
-------+----------+-------------------------------------------
     0 | D:1      | Amnesiac the Tengu Air Elementalist began the quest for the Orb.
     0 | D:1      | Reached XP level 1. HP: 10/10 MP: 4/4
   244 | D:2      | Reached XP level 2. HP: 9/15 MP: 1/6
   313 | D:2      | Learned a level 2 spell: Repel Missiles
   423 | D:3      | Reached skill level 5 in Air Magic
   631 | D:4      | Reached XP level 3. HP: 19/19 MP: 2/7
   637 | D:4      | Learned a level 3 spell: Static Discharge
   771 | D:4      | Reached skill level 6 in Air Magic
   771 | D:4      | Reached XP level 4. HP: 10/24 MP: 3/9
  1219 | D:4      | Noticed Eustachio
  1348 | D:4      | Killed Eustachio
  1348 | D:4      | Reached skill level 7 in Air Magic
  1348 | D:4      | Gained mutation: You can fly. [Tengu growth]
  1348 | D:4      | Reached XP level 5. HP: 18/28 MP: 0/11
  1348 | D:4      | Reached XP level 6. HP: 20/32 MP: 0/12
  1539 | D:4      | Noticed an eye of draining
  1558 | D:4      | Noticed an eye of draining
  1558 | D:4      | Noticed an eye of draining
  1560 | D:4      | Found a bloodstained altar of Trog.
  1570 | D:4      | Killed an eye of draining
  1570 | D:4      | Reached skill level 8 in Air Magic
  1575 | D:4      | Killed an eye of draining
  1575 | D:4      | Reached XP level 7. HP: 33/36 MP: 0/13
  1581 | D:4      | Reached skill level 9 in Air Magic
  2113 | D:5      | Entered Level 5 of the Dungeon
  2381 | D:5      | Got a translucent ring mail
  2392 | D:5      | Identified the +5 ring mail "Kukol" {rElec rCorr} (You found it on level 5 of the Dungeon)
  2526 | D:5      | Noticed Pikel
  2550 | D:5      | Killed Pikel
  2550 | D:5      | Reached skill level 5 in Spellcasting
  2550 | D:5      | Reached skill level 11 in Air Magic
  2550 | D:5      | Reached XP level 8. HP: 24/41 MP: 9/17
  2746 | D:5      | Found a bloodstained altar of Trog.
  3356 | D:6      | Reached skill level 12 in Air Magic
  3411 | D:6      | Learned a level 5 spell: Lightning Bolt
  3414 | D:6      | Learned a level 2 spell: Swiftness
  3518 | D:6      | Reached XP level 9. HP: 34/45 MP: 19/19
  3662 | D:6      | Found a staircase to the Ecumenical Temple.
  3676 | Temple   | Entered the Ecumenical Temple
  3718 | Temple   | Became a worshipper of Sif Muna the Loreminder
  4602 | D:2      | Noticed Robin
  4623 | D:2      | Killed Robin
  5134 | D:2      | Found a runed door.
  5138 | D:2      | Noticed Crazy Yiuf
  5139 | D:2      | Killed Crazy Yiuf
  5283 | D:3      | Noticed Terence
  5309 | D:3      | Killed Terence
  5698 | D:6      | Reached skill level 13 in Air Magic
  5899 | D:6      | Reached * piety under Sif Muna
  6235 | D:7      | Got a translucent rapier
  6240 | D:7      | Identified the +1 rapier of a bailey {pierce, +Inv rF+ Str+2} (You found it on level 7 of the Dungeon)
  6334 | D:7      | Noticed Amnesiac's ghost (novice TeAE)
  6350 | D:7      | Killed Amnesiac's ghost
  6539 | D:7      | Reached ** piety under Sif Muna
  6539 | D:7      | Reached skill level 14 in Air Magic
  6599 | D:7      | Noticed Prince Ribbit
  6640 | D:7      | Killed Prince Ribbit
  6687 | D:7      | Noticed a white ugly thing
  6695 | D:7      | Mangled by a white ugly thing

Vault maps used:
D:1:      ncdulo_smallfort
D:2:      minmay_shallow_snake_nest, uniq_crazy_yiuf_cottage, uniq_robin
D:3:      first_bread, uniq_terence
D:4:      serial_curves, eino_curves_04, eino_curves_01, trog_eyes_of_draining,
          uniq_eustachio
D:5:      serial_bayou_lagoon_a, trog_butcher_becter, uniq_pikel
D:7:      minmay_blocky_corners, uniq_prince_ribbit1
Temple:   regret_index_temple_sigil_plot

Skill      XL: |  1  2  3  4  5  6  7  8  9 |
---------------+----------------------------+-----
Air Magic      | 5 6 7 8 11 12 14 | 14.3
Spellcasting   | 3 5 6 7 |  7.0
Dodging        | |  2.1
Stealth        | |  2.0
Conjurations   | |  1.3

Action                   |  1- 3 |  4- 6 |  7- 9 || total
-------------------------+-------+-------+-------++-------
Melee: Unarmed           |     2 |     3 |       ||     5
       Kick              |     1 |     5 |    48 ||    54
       Rapier            |       |    14 |   222 ||   236
       Peck              |       |     4 |    16 ||    20
 Cast: Shock             |    39 |    28 |   119 ||   186
       Repel Missiles    |     1 |       |       ||     1
       Static Discharge  |       |       |    41 ||    41
       Lightning Bolt    |       |       |     5 ||     5
Invok: Divine Energy     |       |       |     1 ||     1
 Abil: Evoke Invisibilit |       |       |     1 ||     1
  Use: Potion            |       |     2 |       ||     2
 Stab: Sleeping          |       |       |     2 ||     2
  Eat: Chunk             |       |     1 |    18 ||    19
       Pizza             |       |     1 |       ||     1
Armor: Robe              |     2 |       |     6 ||     8
       Ring mail         |       |       |   175 ||   175
Dodge: Dodged            |     7 |    13 |   177 ||   197
       Deflected         |       |       |     4 ||     4
